[Event "GambitGuide"]
[Site "Internet Chess Club"]
[Date "2014.10.31"]
[Round "1"]
[White "JSBach"]
[Black "fearlessone"]
[Result "0-1"]
[ICCResult "White checkmated"]
[WhiteElo "1662"]
[BlackElo "1812"]
[Opening "Vienna: `Frankenstein-Dracula' variation"]
[ECO "C27"]
[NIC "VG.02"]
[Time "10:08:36"]
[TimeControl "120+12"]

1. e4 e5 2. Nc3 Nf6 3. Bc4 Nxe4 4. Qh5 Nd6 5. Bb3 Nc6 6. Nb5 g6 7. Qf3 f5 8.
Qd5 Qe7 9. Nxc7+ Kd8 10. Nxa8 b6 11. d3 Bb7 12. Nxb6 axb6 13. Qf3 e4 14.
dxe4 Ne5 15. Qe3 Kc7 16. Qc3+ Bc6 17. exf5 Bg7 18. Kd1 Ne4 19. Qd4 Ng4 20.
Bf4+ Kb7 21. f6 Bxf6 22. Be5 Bxe5 23. Qc4 Ngxf2+ 24. Ke2 Nxh1 25. Re1 Nhf2
26. Nf3 Bxb2 27. Kf1 Rf8 28. Rb1 Rxf3 29. gxf3 Nd2+ 30. Kxf2 Nxc4 31. Bxc4
Qc5+ 32. Kg2 Qxc4 33. Rxb2 Qc3 34. Rb3 Qxc2+ 35. Kg3 Qxa2 36. Re3 Qd5 37.
Kf2 Qh5 38. Kg2 Qg5+ 39. Kf2 Qf5 40. Kg3 Qg5+ 41. Kf2 Qxe3+ 42. Kxe3 b5 43.
f4 Kb6 44. Kd4 Kc7 45. Kc3 Kd6 46. Kb4 Kd5 47. h3 Ke4 48. Kb3 Kxf4 49. Kb4
Kg3 50. Kc3 Kxh3 51. Kb3 Kg3 52. Kc3 h5 53. Kd4 h4 54. Ke5 h3 55. Kf6 h2 56.
Ke5 Kg2 57. Kd6 g5 58. Ke5 g4 59. Kd4 g3 60. Kd3 Kg1 61. Kd4 g2 62. Kd3 h1=Q
63. Ke2 Kh2 64. Ke3 g1=Q+ 65. Kd3 Qd5+ 66. Kc3 Qg3+ 67. Kb4 Qf4+ 68. Ka3
Qd3+ 69. Kb2 Qf2+ 70. Kc1 Qdf1# {White checkmated} 0-1

[Event "GambitGuide"]
[Site "Internet Chess Club"]
[Date "2014.10.31"]
[Round "1"]
[White "JSBach"]
[Black "chessdao64"]
[Result "1-0"]
[ICCResult "Black resigns"]
[WhiteElo "1662"]
[BlackElo "2019"]
[Opening "Vienna: `Frankenstein-Dracula' variation"]
[ECO "C27"]
[NIC "VG.02"]
[Time "10:13:16"]
[TimeControl "120+12"]

1. e4 e5 2. Nc3 Nf6 3. Bc4 Nxe4 4. Qh5 Nd6 5. Bb3 Nc6 6. Nb5 g6 7. Qf3 f5 8.
Qd5 Qe7 9. Nxc7+ Kd8 10. Nxa8 b6 11. d3 Bb7 12. Nxb6 axb6 13. Qf3 Nd4 14.
Qh3 Nxb3 15. axb3 Bg7 16. Be3 Ke8 17. Bxb6 Kf7 18. b4 e4 19. d4 Rc8 20. Qb3+
Qe6 21. Qxe6+ Kxe6 22. Bc5 Nb5 23. Ne2 d6 24. Ra5 Bc6 25. Bb6 Rb8 26. Ra6
Bd7 27. c4 {Black resigns} 1-0

[Event "GambitGuide"]
[Site "Internet Chess Club"]
[Date "2014.10.31"]
[Round "1"]
[White "JSBach"]
[Black "thailien"]
[Result "1-0"]
[ICCResult "Black resigns"]
[WhiteElo "1662"]
[BlackElo "1518"]
[Opening "Vienna: `Frankenstein-Dracula' variation"]
[ECO "C27"]
[NIC "VG.02"]
[Time "10:11:13"]
[TimeControl "120+12"]

1. e4 e5 2. Nc3 Nf6 3. Bc4 Nxe4 4. Qh5 Nd6 5. Bb3 Nc6 6. Nb5 g6 7. Qf3 f5 8.
Qd5 Qe7 9. Nxc7+ Kd8 10. Nxa8 b6 11. d3 Bg7 12. Nh3 Bf6 13. Ba4 Bb7 14. Nxb6
axb6 15. Qb3 Kc7 16. O-O Ra8 17. Re1 Qf7 18. Ng5 Qxb3 19. Bxb3 h6 20. Nh7
Bg7 21. Bd5 Rh8 22. Ng5 hxg5 23. Bxg5 Re8 24. f4 exf4 25. Rxe8 Nxe8 26.
Bxf4+ d6 27. Re1 Nf6 28. Bxc6 Bxc6 29. Re7+ Bd7 30. Rxg7 Nh5 31. Bxd6+ Kxd6
32. Rxg6+ Kc7 33. Rg5 Nf4 34. h4 Ne2+ 35. Kf1 Nd4 36. c3 {Black resigns} 1-0

[Event "GambitGuide"]
[Site "Internet Chess Club"]
[Date "2014.10.31"]
[Round "1"]
[White "JSBach"]
[Black "Boesemine"]
[Result "1-0"]
[ICCResult "Black resigns"]
[WhiteElo "1662"]
[BlackElo "2388"]
[Opening "Vienna: `Frankenstein-Dracula' variation"]
[ECO "C27"]
[NIC "VG.02"]
[Time "10:16:30"]
[TimeControl "120+12"]

1. e4 e5 2. Nc3 Nf6 3. Bc4 Nxe4 4. Qh5 Nd6 5. Bb3 Nc6 6. Nb5 g6 7. Qf3 f5 8.
Qd5 Qe7 9. Nxc7+ Kd8 10. Nxa8 b6 11. d3 Bb7 12. Nxb6 axb6 13. Qf3 Nd4 14.
Qg3 Bg7 15. Bg5 Bf6 16. Bxf6 Qxf6 17. Ba4 Bc6 18. Bb3 e4 19. dxe4 Nxe4 20.
Qb8+ Ke7 21. Qxb6 Qe5 22. f4 Qxf4 23. Qxd4 Re8 24. Rd1 Kf8 25. Qh8+ Ke7 26.
Qd4 Kf8 27. Qh8+ Ke7 28. Qd4 Kf8 29. Qh8+ Ke7 30. Qd4 Kd8 31. Ne2 Nd6 32.
Qxf4 {Black resigns} 1-0

[Event "GambitGuide"]
[Site "Internet Chess Club"]
[Date "2014.10.31"]
[Round "1"]
[White "JSBach"]
[Black "doraemon7"]
[Result "1-0"]
[ICCResult "Black resigns"]
[WhiteElo "1662"]
[BlackElo "1477"]
[Opening "Vienna: `Frankenstein-Dracula' variation"]
[ECO "C27"]
[NIC "VG.02"]
[Time "10:17:40"]
[TimeControl "120+12"]

1. e4 e5 2. Nc3 Nf6 3. Bc4 Nxe4 4. Qh5 Nd6 5. Bb3 Nc6 6. Nb5 g6 7. Qf3 f5 8.
Qd5 Qe7 9. Nxc7+ Kd8 10. Nxa8 b6 11. d3 Nd4 12. Nh3 Bb7 13. Bg5 Qxg5 14.
Qxb7 Qxg2 15. Qxg2 {Black resigns} 1-0

[Event "GambitGuide"]
[Site "Internet Chess Club"]
[Date "2014.10.31"]
[Round "1"]
[White "JSBach"]
[Black "Nyana"]
[Result "1-0"]
[ICCResult "Black resigns"]
[WhiteElo "1651"]
[BlackElo "2243"]
[Opening "Vienna: `Frankenstein-Dracula' variation"]
[ECO "C27"]
[NIC "VG.02"]
[Time "10:19:50"]
[TimeControl "120+12"]

1. e4 e5 2. Nc3 Nf6 3. Bc4 Nxe4 4. Qh5 Nd6 5. Bb3 Nc6 6. Nb5 g6 7. Qf3 f5 8.
Qd5 Qe7 9. Nxc7+ Kd8 10. Nxa8 b6 11. d3 Bb7 12. Nxb6 axb6 13. Qf3 Bg7 14.
Be3 e4 15. dxe4 Nxe4 16. Bxb6+ {Black resigns} 1-0

[Event "GambitGuide"]
[Site "Internet Chess Club"]
[Date "2014.10.31"]
[Round "1"]
[White "JSBach"]
[Black "joppie"]
[Result "1-0"]
[ICCResult "Black resigns"]
[WhiteElo "1651"]
[BlackElo "1684"]
[Opening "Vienna: `Frankenstein-Dracula' variation"]
[ECO "C27"]
[NIC "VG.02"]
[Time "10:19:07"]
[TimeControl "120+12"]

1. e4 e5 2. Nc3 Nf6 3. Bc4 Nxe4 4. Qh5 Nd6 5. Bb3 Nc6 6. Nb5 g6 7. Qf3 f5 8.
Qd5 Qe7 9. Nxc7+ Kd8 10. Nxa8 b6 11. d3 Bb7 12. Nxb6 axb6 13. Qf3 Bg7 14.
Be3 Kc7 15. Bd5 e4 16. Qe2 exd3 17. Qxd3 Re8 18. Bxc6 Bxc6 19. O-O-O Be4 20.
Bxb6+ Kxb6 21. Qxd6+ Qxd6 22. Rxd6+ Kc7 23. Ra6 Rb8 24. Ra7+ Rb7 25. Rxb7+
Kxb7 26. f3 Bd5 27. a4 Kb6 28. b4 Bf8 29. a5+ Kb5 30. c3 Kc4 31. Kc2 Bc6 32.
Ne2 Ba4+ 33. Kd2 Bh6+ 34. f4 g5 35. g3 gxf4 36. Nxf4 Bg7 37. Ne2 Bh6+ 38.
Nf4 Bg7 39. Rc1 d5 40. a6 Bc6 41. a7 Kb3 42. b5 Bxb5 43. a8=Q {Black
resigns} 1-0

[Event "GambitGuide"]
[Site "Internet Chess Club"]
[Date "2014.10.31"]
[Round "1"]
[White "JSBach"]
[Black "doraemon7"]
[Result "1-0"]
[ICCResult "Black checkmated"]
[WhiteElo "1651"]
[BlackElo "1477"]
[Opening "Vienna: `Frankenstein-Dracula' variation"]
[ECO "C27"]
[NIC "VG.02"]
[Time "10:19:04"]
[TimeControl "120+12"]

1. e4 e5 2. Nc3 Nf6 3. Bc4 Nxe4 4. Qh5 Nd6 5. Bb3 Nc6 6. Nb5 g6 7. Qf3 f5 8.
Qd5 Qe7 9. Nxc7+ Kd8 10. Nxa8 b6 11. d3 Nd4 12. h4 h6 13. f4 Nxb3 14. axb3
exf4+ 15. Kf1 Bb7 16. Qd4 Bg7 17. Qxf4 Bxa8 18. Rxa7 Bb7 19. Rxb7 Be5 20.
Qf3 Re8 21. Rxb6 Bxb2 22. Rb8+ Nc8 23. Rxc8+ Kxc8 24. Qa8+ Kc7 25. Qa7+ Kd6
26. Qb6+ Kd5 27. c4+ Ke5 28. Nf3# {Black checkmated} 1-0

[Event "GambitGuide"]
[Site "Internet Chess Club"]
[Date "2014.10.31"]
[Round "1"]
[White "JSBach"]
[Black "Nyana"]
[Result "1-0"]
[ICCResult "Black resigns"]
[WhiteElo "1651"]
[BlackElo "2243"]
[Opening "Vienna: `Frankenstein-Dracula' variation"]
[ECO "C27"]
[NIC "VG.02"]
[Time "10:20:14"]
[TimeControl "120+12"]

1. e4 e5 2. Nc3 Nf6 3. Bc4 Nxe4 4. Qh5 Nd6 5. Bb3 Nc6 6. Nb5 g6 7. Qf3 f5 8.
Qd5 Qe7 9. Nxc7+ Kd8 10. Nxa8 b6 11. d3 Bb7 12. Nxb6 axb6 13. Qf3 Kc7 14.
Be3 f4 15. Bd2 Nd4 16. Qg4 h5 17. Qxg6 Rh6 18. Qg8 Qf6 19. a3 Rg6 20. Qh7
Bxg2 21. Ba4 Rg7 22. Qxh5 Bxh1 23. O-O-O Rxg1 24. Rxg1 Bf3 25. Rg6 Bxh5 26.
Rxf6 Be7 27. Rh6 Bf3 28. h3 b5 29. Rh7 N4f5 30. Bb3 Nc8 31. Ba5+ Kc6 32. Bc3
d6 33. Be6 {Black resigns} 1-0

[Event "GambitGuide"]
[Site "Internet Chess Club"]
[Date "2014.10.31"]
[Round "1"]
[White "JSBach"]
[Black "joppie"]
[Result "1-0"]
[ICCResult "Black resigns"]
[WhiteElo "1651"]
[BlackElo "1684"]
[Opening "Vienna: `Frankenstein-Dracula' variation"]
[ECO "C27"]
[NIC "VG.02"]
[Time "10:20:41"]
[TimeControl "120+12"]

1. e4 e5 2. Nc3 Nf6 3. Bc4 Nxe4 4. Qh5 Nd6 5. Bb3 Nc6 6. Nb5 g6 7. Qf3 f5 8.
Qd5 Qe7 9. Nxc7+ Kd8 10. Nxa8 b6 11. d3 Bb7 12. Nxb6 axb6 13. Qf3 Bg7 14.
Be3 Kc7 15. Bd5 Ra8 16. Ne2 Ra7 17. O-O Nb4 18. Nc3 Nxd5 19. Nxd5+ Bxd5 20.
Qxd5 Qe6 21. Qxe6 dxe6 22. b4 Nb5 23. f3 Nc3 24. a3 e4 25. Bf4+ Kd7 26. Kf2
exd3 27. cxd3 Nd5 28. Bb8 Rb7 29. Bg3 Bxa1 30. Rxa1 Rc7 31. Bxc7 Nxc7 32.
Rc1 Kd6 33. f4 Nb5 34. a4 Nd4 35. Ke3 Nb3 36. Rb1 {Black resigns} 1-0

[Event "GambitGuide"]
[Site "Internet Chess Club"]
[Date "2014.10.31"]
[Round "1"]
[White "JSBach"]
[Black "fearlessone"]
[Result "1-0"]
[ICCResult "Black resigns"]
[WhiteElo "1651"]
[BlackElo "1812"]
[Opening "Vienna: `Frankenstein-Dracula' variation"]
[ECO "C27"]
[NIC "VG.02"]
[Time "10:16:11"]
[TimeControl "120+12"]

1. e4 e5 2. Nc3 Nf6 3. Bc4 Nxe4 4. Qh5 Nd6 5. Bb3 Nc6 6. Nb5 g6 7. Qf3 f5 8.
Qd5 Qe7 9. Nxc7+ Kd8 10. Nxa8 b6 11. d3 Bb7 12. Nxb6 axb6 13. Qf3 Bg7 14.
Be3 e4 15. dxe4 Qxe4 16. Qxe4 Nxe4 17. Bxb6+ Kc8 18. c3 Re8 19. Bf7 Re7 20.
Bxg6 hxg6 21. O-O-O Nxf2 22. Bxf2 Ne5 23. Bh4 Bh6+ 24. Kc2 Be4+ 25. Kb3 Re6
26. Nf3 Nxf3 27. gxf3 Bxf3 28. a4 Bxh1 29. Rxh1 Re2 30. Bf6 Re6 31. Bd4 Be3
32. Bxe3 Rxe3 33. Rg1 Re6 34. h3 f4 35. Rf1 g5 36. a5 Kb7 37. Ka4 Re3 38.
Rg1 Rxh3 39. Rxg5 f3 40. Rg7 Rh4+ 41. b4 Rf4 42. Rxd7+ Kc8 43. Rd1 f2 44.
Rf1 Kd7 45. a6 Kc7 46. Ka5 Kb8 47. b5 Kc7 48. b6+ Kc6 49. b7 Kc7 50. c4 Rf5+
51. Kb4 Kb8 52. c5 Ka7 53. c6 Rf7 54. Kc4 Rf4+ 55. Kd5 Rf6 56. c7
{Black resigns}
1-0

[Event "GambitGuide"]
[Site "Internet Chess Club"]
[Date "2014.10.31"]
[Round "1"]
[White "JSBach"]
[Black "AtaliaA1"]
[Result "1-0"]
[ICCResult "Black resigns"]
[WhiteElo "1651"]
[BlackElo "1432"]
[Opening "Vienna: `Frankenstein-Dracula' variation"]
[ECO "C27"]
[NIC "VG.02"]
[Time "10:20:28"]
[TimeControl "120+12"]

1. e4 e5 2. Nc3 Nf6 3. Bc4 Nxe4 4. Qh5 Nd6 5. Bb3 Nc6 6. Nb5 g6 7. Qf3 f5 8.
Qd5 Qe7 9. Nxc7+ Kd8 10. Nxa8 b6 11. d3 Bb7 12. Nxb6 axb6 13. Qf3 Nd4 14.
Qg3 Nxb3 15. axb3 f4 16. Qg4 Nf5 17. Ra7 Qc5 18. Rxb7 Qxc2 19. Bd2 Qb1+ 20.
Qd1 Qxd1+ 21. Kxd1 Bd6 22. Rxb6 Ke7 23. b4 Ra8 24. Rb7 Ra1+ 25. Bc1 Nd4 26.
Ne2 Nb3 27. Kc2 Nd4+ 28. Nxd4 exd4 29. Re1+ Kf6 30. Rb6 {Black resigns} 1-0

[Event "GambitGuide"]
[Site "Internet Chess Club"]
[Date "2014.10.31"]
[Round "1"]
[White "JSBach"]
[Black "Nyana"]
[Result "1-0"]
[ICCResult "Black resigns"]
[WhiteElo "1651"]
[BlackElo "2243"]
[Opening "Vienna: `Frankenstein-Dracula' variation"]
[ECO "C27"]
[NIC "VG.02"]
[Time "10:21:44"]
[TimeControl "120+12"]

1. e4 e5 2. Nc3 Nf6 3. Bc4 Nxe4 4. Qh5 Nd6 5. Bb3 Nc6 6. Nb5 g6 7. Qf3 f5 8.
Qd5 Qe7 9. Nxc7+ Kd8 10. Nxa8 b6 11. d3 Bb7 12. Nxb6 axb6 13. Qf3 Bg7 14.
Be3 Kc7 15. Bd5 e4 16. Qf4 exd3 17. cxd3 Bxb2 18. Rb1 Bc3+ 19. Kf1 Ba5 20.
Rc1 g5 21. Qxg5 {Black resigns} 1-0

[Event "GambitGuide"]
[Site "Internet Chess Club"]
[Date "2014.10.31"]
[Round "1"]
[White "JSBach"]
[Black "joppie"]
[Result "1-0"]
[ICCResult "Black checkmated"]
[WhiteElo "1651"]
[BlackElo "1684"]
[Opening "Vienna: `Frankenstein-Dracula' variation"]
[ECO "C27"]
[NIC "VG.02"]
[Time "10:21:46"]
[TimeControl "120+12"]

1. e4 e5 2. Nc3 Nf6 3. Bc4 Nxe4 4. Qh5 Nd6 5. Bb3 Nc6 6. Nb5 g6 7. Qf3 f5 8.
Qd5 Qe7 9. Nxc7+ Kd8 10. Nxa8 b6 11. d3 Bb7 12. Nxb6 axb6 13. Qf3 Bg7 14.
Be3 Kc7 15. Bd5 Rb8 16. Ne2 Nb4 17. Bxb6+ Kxb6 18. Qe3+ Kc7 19. Qc5+ Nc6 20.
O-O Bf8 21. Rae1 Nc8 22. Qb5 N8a7 23. Qb3 Ba6 24. Qa4 Qb4 25. Qxa6 Qxb2 26.
Bb3 Qa3 27. Qc4 Qc5 28. Qg8 h6 29. Qxg6 f4 30. Rb1 Bd6 31. Qxh6 Ne7 32. d4
Qc6 33. Qf6 Ng8 34. Qg7 Ne7 35. dxe5 Bc5 36. Nxf4 Nf5 37. Qf7 Nd4 38. Bd5
Qa6 39. Rxb8 Kxb8 40. Rb1+ Kc7 41. c3 Ndc6 42. Ne6+ Kc8 43. Qe8+ Nd8 44.
Qxd8# {Black checkmated} 1-0

[Event "GambitGuide"]
[Site "Internet Chess Club"]
[Date "2014.10.31"]
[Round "1"]
[White "JSBach"]
[Black "chessdao64"]
[Result "1-0"]
[ICCResult "Black resigns"]
[WhiteElo "1651"]
[BlackElo "2019"]
[Opening "Vienna: `Frankenstein-Dracula' variation"]
[ECO "C27"]
[NIC "VG.02"]
[Time "10:15:56"]
[TimeControl "120+12"]

1. e4 e5 2. Nc3 Nf6 3. Bc4 Nxe4 4. Qh5 Nd6 5. Bb3 Nc6 6. Nb5 g6 7. Qf3 f5 8.
Qd5 Qe7 9. Nxc7+ Kd8 10. Nxa8 b6 11. d3 Bb7 12. Nxb6 axb6 13. Qf3 e4 14. Qe3
f4 15. Qxb6+ Kc8 16. Bxf4 exd3+ 17. Be3 d2+ 18. Kf1 Bg7 19. c3 Re8 20. Rd1
Qe4 21. Rxd2 Nf5 22. a4 Nxe3+ 23. fxe3 Qb1+ 24. Ke2 Bh6 25. Bc2 Qa1 26. Rd1
Qa2 27. e4 Qc4+ 28. Ke1 Ba6 29. Bd3 Rxe4+ 30. Kf1 Qf7+ 31. Nf3 Bxd3+ 32.
Rxd3 Qa2 33. Qa6+ Kd8 34. Rxd7+ Kxd7 35. Qd3+ Kc7 36. Qxe4 Qa1+ 37. Ne1 Qxb2
38. Qc2 Qa3 39. c4 Qc5 40. Nd3 Qe3 41. c5 Nd4 42. Qd1 Qe4 43. Nf2 Qf4 44. a5
Bf8 45. g3 Qe3 46. Qe1 Qa3 47. Qe5+ {Black resigns} 1-0

[Event "GambitGuide"]
[Site "Internet Chess Club"]
[Date "2014.10.31"]
[Round "1"]
[White "JSBach"]
[Black "joppie"]
[Result "1-0"]
[ICCResult "Black resigns"]
[WhiteElo "1651"]
[BlackElo "1684"]
[Opening "Vienna: `Frankenstein-Dracula' variation"]
[ECO "C27"]
[NIC "VG.02"]
[Time "10:23:27"]
[TimeControl "120+12"]

1. e4 e5 2. Nc3 Nf6 3. Bc4 Nxe4 4. Qh5 Nd6 5. Bb3 Nc6 6. Nb5 g6 7. Qf3 f5 8.
Qd5 Qe7 9. Nxc7+ Kd8 10. Nxa8 b6 11. d3 Bb7 12. Nxb6 axb6 13. Qf3 Kc7 14.
Bd2 Nb4 15. Qh3 Nd5 16. c4 Nf6 17. Bb4 Qf7 18. c5 Qe8 19. cxd6+ Bxd6 20.
Rc1+ Kd8 21. Bxd6 Qe6 22. Bxe6 dxe6 23. Bxe5 {Black resigns} 1-0

[Event "GambitGuide"]
[Site "Internet Chess Club"]
[Date "2014.10.31"]
[Round "1"]
[White "JSBach"]
[Black "joppie"]
[Result "1-0"]
[ICCResult "Black resigns"]
[WhiteElo "1651"]
[BlackElo "1684"]
[Opening "Vienna: `Frankenstein-Dracula' variation"]
[ECO "C27"]
[NIC "VG.02"]
[Time "10:23:55"]
[TimeControl "120+12"]

1. e4 e5 2. Nc3 Nf6 3. Bc4 Nxe4 4. Qh5 Nd6 5. Bb3 Nc6 6. Nb5 g6 7. Qf3 f5 8.
Qd5 Qe7 9. Nxc7+ Kd8 10. Nxa8 b6 11. d3 Bb7 12. Nxb6 axb6 13. Qf3 Nd4 14.
Qg3 Nxb3 15. axb3 e4 16. Bg5 exd3+ 17. Bxe7+ Bxe7 18. cxd3 Nb5 19. Qe5 Rf8
20. Qxb5 {Black resigns} 1-0

[Event "GambitGuide"]
[Site "Internet Chess Club"]
[Date "2014.10.31"]
[Round "1"]
[White "JSBach"]
[Black "joppie"]
[Result "1-0"]
[ICCResult "Black resigns"]
[WhiteElo "1651"]
[BlackElo "1684"]
[Opening "Vienna: `Frankenstein-Dracula' variation"]
[ECO "C27"]
[NIC "VG.02"]
[Time "10:24:20"]
[TimeControl "120+12"]

1. e4 e5 2. Nc3 Nf6 3. Bc4 Nxe4 4. Qh5 Nd6 5. Bb3 Nc6 6. Nb5 g6 7. Qf3 f5 8.
Qd5 Qe7 9. Nxc7+ Kd8 10. Nxa8 b6 11. d3 Bb7 12. Nxb6 axb6 13. Qf3 Nd4 14.
Qg3 Nxb3 15. axb3 Bg7 16. Bg5 Bf6 17. Be3 e4 18. Bxb6+ Ke8 19. d4 Nb5 20.
Qb8+ Kf7 21. Qxb7 Nxd4 22. Bxd4 Bxd4 23. Qd5+ Ke8 24. Ra8+ {Black resigns}
1-0

[Event "GambitGuide"]
[Site "Internet Chess Club"]
[Date "2014.10.31"]
[Round "1"]
[White "JSBach"]
[Black "doraemon7"]
[Result "0-1"]
[ICCResult "White checkmated"]
[WhiteElo "1651"]
[BlackElo "1477"]
[Opening "Vienna: `Frankenstein-Dracula' variation"]
[ECO "C27"]
[NIC "VG.02"]
[Time "10:22:00"]
[TimeControl "120+12"]

1. e4 e5 2. Nc3 Nf6 3. Bc4 Nxe4 4. Qh5 Nd6 5. Bb3 Nc6 6. Nb5 g6 7. Qf3 f5 8.
Qd5 Qe7 9. Nxc7+ Kd8 10. Nxa8 b6 11. d3 Nd4 12. h4 f4 13. Kd2 Bb7 14. Nxb6
axb6 15. Kd1 Bxd5 16. Bxd5 N6b5 17. c4 Nc7 18. Bb7 Qb4 19. Rb1 Qa4+ 20. b3
Qxa2 21. Rb2 Qa1 22. b4 Qa4+ 23. Ke1 Bxb4+ 24. Rxb4 Qxb4+ 25. Kd1 Qc3 26.
Bxf4 exf4 27. f3 Qc2+ 28. Ke1 Re8+ 29. Be4 Qxg2 30. Rh3 Qxg1+ 31. Kd2 Qg2+
32. Kc3 Ne2+ 33. Kd2 Ng3+ 34. Kc1 Qxh3 35. Bb7 Qf1+ 36. Kc2 Re2+ 37. Kc3
Qc1+ 38. Kb3 Rb2+ 39. Ka3 Qa1# {White checkmated} 0-1

[Event "GambitGuide"]
[Site "Internet Chess Club"]
[Date "2014.10.31"]
[Round "1"]
[White "JSBach"]
[Black "joppie"]
[Result "1-0"]
[ICCResult "Black checkmated"]
[WhiteElo "1638"]
[BlackElo "1684"]
[Opening "Vienna: `Frankenstein-Dracula' variation"]
[ECO "C27"]
[NIC "VG.02"]
[Time "10:25:48"]
[TimeControl "120+12"]

1. e4 e5 2. Nc3 Nf6 3. Bc4 Nxe4 4. Qh5 Nd6 5. Bb3 Nc6 6. Nb5 g6 7. Qf3 f5 8.
Qd5 Qe7 9. Nxc7+ Kd8 10. Nxa8 b6 11. d3 Bb7 12. Nxb6 axb6 13. Qf3 Nd4 14.
Qh3 Nxb3 15. axb3 Bg7 16. Be3 Kc7 17. Nf3 e4 18. Bg5 Qe5 19. Nxe5 Bxe5 20.
dxe4 Nxe4 21. Bc1 Bd4 22. f3 Nc5 23. b4 Ne6 24. c3 Be5 25. Bd2 Re8 26. Qxh7
Nd8 27. Qxg6 Bxc3+ 28. Qxe8 Bxb2 29. Bf4+ Kc8 30. Ra7 Bc3+ 31. Bd2 Bd4 32.
Rxb7 Kxb7 33. Qxd7+ Ka6 34. b5# {Black checkmated} 1-0

[Event "GambitGuide"]
[Site "Internet Chess Club"]
[Date "2014.10.31"]
[Round "1"]
[White "JSBach"]
[Black "chessdao64"]
[Result "1-0"]
[ICCResult "Black resigns"]
[WhiteElo "1638"]
[BlackElo "2019"]
[Opening "Vienna: `Frankenstein-Dracula' variation"]
[ECO "C27"]
[NIC "VG.02"]
[Time "10:24:00"]
[TimeControl "120+12"]

1. e4 e5 2. Nc3 Nf6 3. Bc4 Nxe4 4. Qh5 Nd6 5. Bb3 Nc6 6. Nb5 g6 7. Qf3 f5 8.
Qd5 Qe7 9. Nxc7+ Kd8 10. Nxa8 b6 11. d3 Bb7 12. Nxb6 axb6 13. Qf3 Nd4 14.
Qh3 e4 15. Be3 exd3 16. O-O-O Nxb3+ 17. cxb3 Qe4 18. Bxb6+ Ke8 19. Qxd3 Qc6+
20. Qc3 Bh6+ 21. Kb1 Qxc3 22. bxc3 Ne4 23. Bd4 Rf8 24. f3 Nd6 25. Bc5
{Black resigns}
1-0

[Event "GambitGuide"]
[Site "Internet Chess Club"]
[Date "2014.10.31"]
[Round "1"]
[White "JSBach"]
[Black "endersgame"]
[Result "0-1"]
[ICCResult "White checkmated"]
[WhiteElo "1652"]
[BlackElo "1687"]
[Opening "Vienna: `Frankenstein-Dracula' variation"]
[ECO "C27"]
[NIC "VG.02"]
[Time "10:25:38"]
[TimeControl "120+12"]

1. e4 e5 2. Nc3 Nf6 3. Bc4 Nxe4 4. Qh5 Nd6 5. Bb3 Nc6 6. Nb5 g6 7. Qf3 f5 8.
Qd5 Qe7 9. Nxc7+ Kd8 10. Nxa8 b6 11. d3 Bb7 12. Nxb6 axb6 13. Qf3 Nd4 14.
Qg3 f4 15. Qg4 N6f5 16. c3 Nxb3 17. axb3 Nh4 18. f3 h5 19. Qh3 g5 20. Bd2 g4
21. fxg4 Bxg2 22. g5 Bxh3 23. Ra8+ Kc7 24. Nxh3 Nf3+ 25. Kd1 Nxg5 26. Nxg5
Qxg5 27. Kc2 Bg7 28. Ra7+ Kd8 29. Rha1 Ke7 30. Rb7 Qg2 31. Rxb6 f3 32. Rb7
f2 33. Rc7 f1=Q 34. Rxf1 Qxf1 35. b4 Qe2 36. b3 Bh6 37. Kb2 Qxd2+ 38. Kb1
Qc1+ 39. Ka2 Ra8+ 40. Ra7 Rxa7# {White checkmated} 0-1

[Event "GambitGuide"]
[Site "Internet Chess Club"]
[Date "2014.10.31"]
[Round "1"]
[White "JSBach"]
[Black "joppie"]
[Result "1-0"]
[ICCResult "Black checkmated"]
[WhiteElo "1652"]
[BlackElo "1684"]
[Opening "Vienna: `Frankenstein-Dracula' variation"]
[ECO "C27"]
[NIC "VG.02"]
[Time "10:27:02"]
[TimeControl "120+12"]

1. e4 e5 2. Nc3 Nf6 3. Bc4 Nxe4 4. Qh5 Nd6 5. Bb3 Nc6 6. Nb5 g6 7. Qf3 f5 8.
Qd5 Qe7 9. Nxc7+ Kd8 10. Nxa8 b6 11. d3 e4 12. dxe4 Nxe4 13. Be3 Bb7 14.
Nxb6 axb6 15. Bxb6+ Ke8 16. Be3 Qb4+ 17. c3 Qe7 18. Rd1 Bc8 19. Ne2 Bg7 20.
Ba4 Rf8 21. Bxc6 dxc6 22. Qxc6+ Kf7 23. Bd4 Bxd4 24. Rxd4 Rd8 25. Rxd8 Qxd8
26. O-O Bd7 27. Rd1 Bxc6 28. Rxd8 Ke7 29. Rh8 h5 30. Nd4 Bd5 31. f3 Nd2 32.
a4 Nc4 33. b4 Ne5 34. a5 Nd3 35. a6 Nb2 36. a7 Nd1 37. c4 Bb7 38. Rh7+ Kf6
39. Rxb7 Ne3 40. a8=Q Nxc4 41. Qh8+ Kg5 42. Ne6+ Kh4 43. Qd4+ f4 44. Qxf4#
{Black checkmated}
1-0

[Event "GambitGuide"]
[Site "Internet Chess Club"]
[Date "2014.10.31"]
[Round "1"]
[White "JSBach"]
[Black "thailien"]
[Result "0-1"]
[ICCResult "White checkmated"]
[WhiteElo "1652"]
[BlackElo "1518"]
[Opening "Vienna: `Frankenstein-Dracula' variation"]
[ECO "C27"]
[NIC "VG.02"]
[Time "10:17:12"]
[TimeControl "120+12"]

1. e4 e5 2. Nc3 Nf6 3. Bc4 Nxe4 4. Qh5 Nd6 5. Bb3 Nc6 6. Nb5 g6 7. Qf3 f5 8.
Qd5 Qe7 9. Nxc7+ Kd8 10. Nxa8 b6 11. d3 Bb7 12. Nxb6 axb6 13. Qf3 Na5 14.
Qe3 Nxb3 15. axb3 Bxg2 16. Qxb6+ Ke8 17. Bg5 Qxg5 18. h4 Qd8 19. Qxd8+ Kxd8
20. Rh2 Bc6 21. Ra5 Bg7 22. b4 Re8 23. b3 e4 24. Kd2 exd3 25. Kxd3 Be4+ 26.
Kd2 Re5 27. h5 g5 28. h6 Bf6 29. f3 Bc6 30. Rxe5 Bxe5 31. Re2 Bf4+ 32. Kc3
Bb5 33. Rg2 Bf1 34. Rf2 Ba6 35. Ne2 Nb5+ 36. Kd3 Nd6+ 37. c4 Nf7 38. b5 Bb7
39. Nxf4 gxf4 40. Rf1 d6 41. Kd4 Ke7 42. b4 Ne5 43. Re1 Kd7 44. Rxe5 dxe5+
45. Kxe5 Bxf3 46. Kxf4 Be4 47. b6 Kc6 48. c5 Kb5 49. Ke3 Kxb4 50. c6 Bxc6
51. Kf4 Be4 52. b7 Bxb7 53. Kxf5 Kc4 54. Kf4 Kd4 55. Kg3 Ke5 56. Kh2 Kf5 57.
Kh3 Kg5 58. Kh2 Kxh6 59. Kg3 Kg5 60. Kf2 Kf4 61. Ke1 Kg3 62. Kf1 Bg2+ 63.
Kg1 Bf3 64. Kf1 h5 65. Kg1 h4 66. Kf1 h3 67. Ke1 h2 68. Kd2 h1=Q 69. Kd3
Qd1+ 70. Ke3 Qe2+ 71. Kd4 Qe4+ 72. Kc3 Kf4 73. Kb3 Qc6 74. Kb4 Ke5 75. Kb3
Kd4 76. Kb4 Qb6+ 77. Ka3 Kc4 78. Ka2 Qb3+ 79. Ka1 Qc3+ 80. Kb1 Be4+ 81. Ka2
Qb3+ 82. Ka1 Qb1# {White checkmated} 0-1

[Event "GambitGuide"]
[Site "Internet Chess Club"]
[Date "2014.10.31"]
[Round "1"]
[White "JSBach"]
[Black "notNice"]
[Result "1-0"]
[ICCResult "Black resigns"]
[WhiteElo "1652"]
[BlackElo "1641"]
[Opening "Vienna: `Frankenstein-Dracula' variation"]
[ECO "C27"]
[NIC "VG.02"]
[Time "10:28:21"]
[TimeControl "120+12"]

1. e4 e5 2. Nc3 Nf6 3. Bc4 Nxe4 4. Qh5 Nd6 5. Bb3 Nc6 6. Nb5 g6 7. Qf3 f5 8.
Qd5 Qe7 9. Nxc7+ Kd8 10. Nxa8 b6 11. d3 Nd4 12. f4 exf4+ 13. Kd1 Bg7 14.
Bxf4 Re8 15. Bg3 Bb7 16. Qxd6 Qxd6 17. Bxd6 Bxa8 18. Bf7 Rh8 19. h4 Nb5 20.
Bf4 Ke7 21. Bc4 Nd6 22. Bxd6+ Kxd6 23. Nf3 Re8 24. Rb1 Bc6 25. Bf7 Re7 26.
Bb3 a5 27. a4 h6 28. Rg1 Bf6 29. Kd2 Rg7 30. Rh1 Be7 31. Ke3 Kc7 32. Rbe1
Bc5+ 33. d4 Bd6 34. d5 Bxd5 35. Bxd5 {Black resigns} 1-0